[Event "Late-Titled-Tuesday-Blitz-February-13-2024"]
[Site "Chess.com"]
[Date "2024.02.13"]
[Round "11"]
[White "katharinareinecke"]
[Black "jinxy2009"]
[Result "1-0"]
[WhiteElo "1973"]
[BlackElo "2196"]
[TimeControl "180+1"]
[EndTime "16:05:32 PST"]
[Termination "katharinareinecke won on time"]

1. e4 c5 2. Nf3 Nc6 3. Bb5 g6 4.
Bxc6 dxc6 5. d3 Bg7 6. h3 Nf6 7. Nc3 O-O 8. Be3 Nd7 9. Qd2 e5 10. O-O b6 11. a4 a5 12. Ne2 Re8 13. c3 Nf8 14. Qc2 Ne6 15. Nd2 Ba6 16. Nc4 Bxc4 17. dxc4 Qh4 18. f3 Rad8 19. Rad1 Nf4 20. Nxf4 exf4 21.
Bf2 Qe7 22. Rxd8 Rxd8 23. Rd1 h5 24. Rd3 Rxd3 25. Qxd3 Bf6 26. Qd2 g5 27. h4 gxh4 28. Qxf4 Bg5 29. Qb8+ Qd8 30. Qxd8+ Bxd8 31. Kf1 Kg7 32. Ke2 Kg6 33. Be3 Bc7 34. Kd3 f5 35. exf5+ Kxf5 36. Ke2 Be5 37. Kd3 Bf4 38. Bf2 Bg3 39.
Be3 Bc7 40. Bf2 Kg5 41. Ke4 Bg3 42. Bg1 Kf6 43. b4 Be5 44. bxc5 bxc5 45. Bxc5 Bxc3 46. Kd3 Be1 47. Bb6 Ke5 48. Bd8 Kf4 49. Kd4 1-0

[Event "Late-Titled-Tuesday-Blitz-February-13-2024"]
[Site "Chess.com"]
[Date "2024.02.13"]
[Round "11"]
[White "Kotlyar_K"]
[Black "TanitoluwaAps116"]
[Result "0-1"]
[WhiteElo "2538"]
[BlackElo "2773"]
[TimeControl "180+1"]
[EndTime "16:05:37 PST"]
[Termination "TanitoluwaAps116 won by checkmate"]

1. d4 Nf6 2. c4 e6 3. Nc3 Bb4 4. e3 O-O 5. Bd2 d5 6. Nf3 b6 7.
cxd5 exd5 8. Bd3 Bb7 9. O-O Nbd7 10. Rc1 a6 11. Ne5 c5 12. f4 cxd4 13. exd4 Bxc3 14. bxc3 Ne4 15. Be1 f6 16. Nxd7 Qxd7 17. Qb3 Kh8 18.
Qxb6 Bc6 19. Rb1 Nd6 20. Qc5 Bb5 21. Bxb5 Nxb5 22. a4 Rac8 23. Qb4 Nd6 24. Qa5 Qf5 25. Qb6 Nc4 26. Qb7 Rfe8 27. h3 h5 28. Kh2 Kh7 29. Bg3 Nd2 30. Rbe1 Nxf1+ 31. Rxf1 Rxc3 32. Qxa6 Ree3 33.
Bf2 Rxh3+ 34. Kg1 Rhd3 35. Qb5 Rc2 36. a5 Rdd2 37. Qb1 Qe4 38. a6 f5 39. a7 Ra2 40.
Qb7 Rxf2 41. Rxf2 Qe3 42. Qxd5 Qxf2+ 43. Kh1 Qh4+ 44. Kg1 Ra1# 0-1

[Event "Late-Titled-Tuesday-Blitz-February-13-2024"]
[Site "Chess.com"]
[Date "2024.02.13"]
[Round "11"]
[White "Kosak12"]
[Black "reevecanada"]
[Result "0-1"]
[WhiteElo "2809"]
[BlackElo "2580"]
[TimeControl "180+1"]
[EndTime "16:05:38 PST"]
[Termination "reevecanada won on time"]

1. g3 d5 2. Bg2 e5 3. c4 c6 4. Nf3 e4 5. Nd4 dxc4 6. e3 Nf6 7. Nc3 Bc5 8. b3 Bxd4 9. exd4 Qxd4 10. Bb2 cxb3 11.
Qxb3 Qd3 12. Nxe4 Qxb3 13. Nxf6+ gxf6 14. axb3 Nd7 15. O-O O-O 16. Rfe1 Kg7 17. Re7 Nc5 18. b4 Ne6 19. Re1 Rd8 20. Re2 a5 21. b5 cxb5 22. f4 Nd4 23. R2e4 Nc6 24. Rc7 Rxd2 25. Bc3 Rc2 26.
Re3 b4 27. Be1 Bf5 28. Bd5 Nd8 29. Rce7 Rac8 30. g4 Bxg4 31. Rg3 Kf8 32. Ree3 Be6 33. Be4 Rc1 34. Bxh7 b3 35. f5 b2 36. fxe6 Nxe6 37.
Rg8+ Ke7 38. Rxc8 Rxc8 39. Rb3 Rc1 40. Kf2 Nc5 41. Rxb2 a4 42. Bb4 Kd6 43. Ba3 Rc3 44.
Bb4 Rc4 45. Bb1 b5 46. Ke3 Kc6 47. Ba2 Re4+ 48. Kf3 f5 49. Bxf7 Nd3 50. Rc2+ Kb6 51. Bd2 Ne5+ 52. Kf2 b4 53. Be3+ Kb5 54. Be8+ Ka6 55.
h3 Nd3+ 56. Kf3 Ne1+ 57. Kf2 Nxc2 0-1

[Event "Late-Titled-Tuesday-Blitz-February-13-2024"]
[Site "Chess.com"]
[Date "2024.02.13"]
[Round "11"]
[White "Attacker_2006"]
[Black "pfalcon1949"]
[Result "1-0"]
[WhiteElo "2426"]
[BlackElo "1961"]
[TimeControl "180+1"]
[EndTime "16:05:39 PST"]
[Termination "Attacker_2006 won by checkmate"]

1. e4 e6 2. Nf3 d5 3. exd5 exd5 4. d4 Nf6 5. Bd3 c5 6. c3 c4 7.
Bc2 Bd6 8. O-O O-O 9. h3 Nc6 10.
Re1 h6 11. Nbd2 Be6 12. Nf1 b5 13. Ne5 Qc7 14. Nxc6 Qxc6 15. Qf3 Nh7 16. Ng3 a5 17. Bf4 b4 18. Bxd6 Qxd6 19. Re5 Rab8 20. Rae1 Ng5 21. Qh5 f6 22. Rxe6 Nxe6 23. Qg6 Rb7 24. Qh7+ Kf7 25. Bg6+ Ke7 26. Nf5+ Kd7 27. Nxd6 Kxd6 28. Bf5 Ng5 29. Qg6 Re7 30. Rxe7 Kxe7 31. Qxg7+ Rf7 32. Qxh6 Ne6 33. Bxe6 Kxe6 34. cxb4 axb4 35.
Qe3+ Kd6 36. h4 Ra7 37. h5 Rxa2 38. h6 Ra1+ 39. Kh2 Ra7 40. Qg3+ Ke6 41. Qg8+ Kd6 42.
h7 Rxh7+ 43. Qxh7 c3 44. bxc3 bxc3 45. Qd3 Ke6 46. Qxc3 f5 47. Qe3+ Kf6 48. Qe5+ Kg5 49. Qxd5 Kg4 50. f3+ Kf4 51. Qe5+ Kg5 52. Kg3 Kg6 53.
Kf4 Kh6 54. Kxf5 Kh5 55. Qh2# 1-0

[Event "Late-Titled-Tuesday-Blitz-February-13-2024"]
[Site "Chess.com"]
[Date "2024.02.13"]
[Round "11"]
[White "Witik"]
[Black "ACollins05"]
[Result "1/2-1/2"]
[WhiteElo "2651"]
[BlackElo "2474"]
[TimeControl "180+1"]
[EndTime "16:05:40 PST"]
[Termination "Game drawn - insufficient material"]

1. e4 c5 2. Nf3 d6 3. d4 cxd4 4. Nxd4 Nf6 5. Nc3 Nc6 6. Be2 e5 7. Nf3 Be7 8. O-O O-O 9. Re1 Be6 10. b3 d5 11. exd5 Nxd5 12. Nxd5 Qxd5 13. Qxd5 Bxd5 14.
Bb2 f6 15. Rad1 Be6 16. Bb5 Rac8 17. c4 a6 18. Ba4 Bc5 19. Nd2 Bd4 20. Bxc6 Bxb2 21.
Bxb7 Rcd8 22. Ne4 a5 23. Nc5 Bf7 24. Bd5 Bc3 25. Rf1 Bd4 26. Bxf7+ Kxf7 27. Nb7 Ra8 28. Nd6+ Ke6 29. Nb5 Rad8 30. Rfe1 Bb6 31. Kf1 h5 32. Ke2 g5 33. f3 g4 34. Rxd8 Rxd8 35. Rd1 Rxd1 36. Kxd1 gxf3 37. gxf3 Kf5 38. Ke2 Kf4 39. a3 Bc5 40. b4 axb4 41. axb4 Bxb4 42. Nc7 Bd6 43. Na6 e4 44. fxe4 Kxe4 45. c5 Bxh2 46. c6 h4 47. c7 Bxc7 48. Nxc7 f5 49. Kf2 f4 50. Ne6 h3 51. Ng5+ Kf5 52. Nxh3 Kg4 53. Ng1 f3 54. Nxf3 1/2-1/2

[Event "Late-Titled-Tuesday-Blitz-February-13-2024"]
[Site "Chess.com"]
[Date "2024.02.13"]
[Round "11"]
[White "nj123456"]
[Black "traviscottofficial"]
[Result "0-1"]
[WhiteElo "2452"]
[BlackElo "2689"]
[TimeControl "180+1"]
[EndTime "16:05:41 PST"]
[Termination "traviscottofficial won by resignation"]

1. e4 d5 2. exd5 Qxd5 3. Nc3 Qa5 4. d4 Nf6 5. Nf3 Bf5 6. Ne5 Nbd7 7. Nc4 Qa6 8. Bf4 Qe6+ 9. Ne3 Bg4 10. f3 Bh5 11. Bc4 Qc6 12. Bb5 Qb6 13. O-O c6 14. Bc4 e6 15. a4 a5 16. Bb3 Qa7 17. Nc4 Nd5 18. Nxd5 cxd5 19. Nd6+ Bxd6 20. Bxd6 Qb6 21. Ba3 Rc8 22. c3 Bg6 23. Kh1 f6 24. Re1 Kf7 25. Bxd5 exd5 26. Re7+ Kg8 27. Rxd7 Qc6 28. Rd6 Qc4 29.
Qe1 h5 30. Rd7 Re8 31. Re7 Kh7 32. Rd1 Qxa4 33. Rxe8 Rxe8 34. Qd2 Qc2 35. Qxc2 Bxc2 36. Rc1 Re2 37. h4 Kg6 38. Kh2 Kf5 39. Kg3 g5 40.
hxg5 fxg5 41. Bd6 h4+ 42. Kh2 g4 43. fxg4+ Kxg4 44. Rf1 Be4 45. Rf4+ Kg5 46. Kh3 Bxg2+ 47. Kh2 Be4+ 48. Kh3 Bf5+ 49. Rxf5+ Kxf5 50. Kxh4 Rxb2 51. Kg3 Ke4 52. Kg4 Kd3 53. Bc7 a4 54. Bd6 Rb3 55.
Kf5 a3 56. Bxa3 Rxa3 57. Ke5 Kc4 0-1

[Event "Late-Titled-Tuesday-Blitz-February-13-2024"]
[Site "Chess.com"]
[Date "2024.02.13"]
[Round "11"]
[White "Smiechu"]
[Black "ansko1999"]
[Result "1/2-1/2"]
[WhiteElo "2433"]
[BlackElo "2612"]
[TimeControl "180+1"]
[EndTime "16:05:45 PST"]
[Termination "Game drawn by repetition"]

1. e4 d6 2. d4 g6 3. Nc3 Bg7 4. Be3 a6 5. f3 b5 6. h4 Bb7 7. h5 Nd7 8. h6 Bf8 9. Qd2 c5 10.
dxc5 Nxc5 11. Bd4 e5 12. Bxc5 dxc5 13. Qe3 Qd4 14. Qg5 f6 15. Qg4 Bc8 16. Qg3 Bxh6 17. Rd1 Qe3+ 18. Nge2 Ne7 19. Rd3 Qg5 20. Qh2 Bg7 21.
Nd5 Nxd5 22. Rxd5 Qe3 23. Rd3 Qg5 24. Rd5 Be6 25. f4 Qg4 26. Rxc5 Rd8 27. Rc7 Rd7 28. Rc8+ Rd8 29. Rxd8+ Kxd8 30. Qg1 exf4 31. Qb6+ Ke7 32. Qc7+ Bd7 33. Nd4 Rc8 34. Qa7 h5 35. Rh3 f5 36. e5 Bxe5 37. Rd3 Bxd4 38. Qxd4 Be6 39. Qa7+ Kf6 40. Qd4+ Kg5 41. Qd6 Re8 42. Kd2 Bc4 43. Qd7 Re3 44. Qd8+ Kh6 45. Qh8+ Kg5 46. Qd8+ Kh6 47.
Qf8+ Kg5 48. Qd8+ 1/2-1/2

[Event "Late-Titled-Tuesday-Blitz-February-13-2024"]
[Site "Chess.com"]
[Date "2024.02.13"]
[Round "11"]
[White "GoltsevDmitry2000"]
[Black "ozates"]
[Result "1-0"]
[WhiteElo "2790"]
[BlackElo "2581"]
[TimeControl "180+1"]
[EndTime "16:05:48 PST"]
[Termination "GoltsevDmitry2000 won by resignation"]

1. e4 e5 2. Nf3 Nc6 3. Bb5 g6 4. c3 Bg7 5. d4 exd4 6. cxd4 a6 7. Ba4 Nge7 8. Nc3 O-O 9. O-O b5 10. Bb3 Na5 11. Bc2 d6 12. Bg5 Bg4 13. Nd5 f6 14.
Bh4 Nxd5 15. exd5 Nc4 16. b3 Nb6 17. h3 Bd7 18. Be4 Qe8 19. Re1 Qf7 20. Rc1 Rac8 21.
Qd2 Rfe8 22. Qa5 Nxd5 23. Qxa6 f5 24. Ng5 Nb4 25. Qxc8 Rxc8 26. Nxf7 Kxf7 27. Bb7 Re8 28. Rxe8 Kxe8 29. Rxc7 Bxd4 30. a3 Nd3 31. Bc6 Bxc6 32. Rxc6 Kd7 33. Ra6 h6 34. Kf1 g5 35. Bg3 f4 36. Bh2 Nc5 37. Ra7+ Kc6 38. b4 Ne4 39. Rh7 Bb2 40. Rxh6 Bxa3 41. h4 gxh4 42. Bxf4 Bxb4 43.
Rxh4 Bc5 44. Be3 Nc3 45. Bd2 Nd5 46. g4 b4 47. g5 b3 48. Bc1 Ne7 49. Rh3 Kd5 50.
Rxb3 Ke5 51. Be3 Kf5 52. Bxc5 dxc5 53. Rb5 Kxg5 54. Rxc5+ Kf4 55. Ke2 Nf5 56. Rc4+ Ke5 57. f4+ Kf6 58. Kf3 Ne7 59. Ke4 Kf7 60. Rc7 Ke6 61.
Ra7 Nf5 62. Ra6+ Nd6+ 63. Rxd6+ Kxd6 64. Kf5 1-0

[Event "Late-Titled-Tuesday-Blitz-February-13-2024"]
[Site "Chess.com"]
[Date "2024.02.13"]
[Round "11"]
[White "claudyna16"]
[Black "zverr1"]
[Result "1-0"]
[WhiteElo "2456"]
[BlackElo "2534"]
[TimeControl "180+1"]
[EndTime "16:05:48 PST"]
[Termination "claudyna16 won by checkmate"]

1. c4 c5 2. g3 g6 3. Bg2 Bg7 4. Nc3 Nc6 5. a3 e5 6. e3 Nge7 7. Nge2 O-O 8. O-O d6 9. h3 Be6 10. Nd5 Qd7 11. Kh2 Rab8 12. Nec3 f5 13. d3 a6 14. a4 Nb4 15. a5 Nexd5 16. cxd5 Bf7 17. e4 f4 18. gxf4 exf4 19. Bxf4 Bxd5 20. Bg3 Be6 21. f4 Bd4 22. Qd2 d5 23. f5 gxf5 24. exf5 Bxf5 25.
Bxb8 Rxb8 26. Qg5+ Bg6 27. Nxd5 Qd6+ 28. Kh1 Nxd5 29.
Qxd5+ Qxd5 30. Bxd5+ Kg7 31. Be4 Bxe4+ 32. dxe4 Re8 33.
Rae1 Bxb2 34. Rb1 Bd4 35. Rxb7+ Kg6 36. Rb6+ Kg5 37. Rxa6 Rxe4 38. Ra8 Re2 39. a6 Ra2 40. a7 Kh6 41. Rf4 Kh5 42. Rg4 h6 43. Rd8 Ra1+ 44.
Kg2 Ra2+ 45. Kf3 Ra3+ 46. Ke4 Rxh3 47. a8=Q Kxg4 48. Rg8+ Kh5 49. Qe8+ Kh4 50. Qe7+ Kh5 51. Qf7+ Kh4 52. Qf4+ Kh5 53. Qg4# 1-0

[Event "Late-Titled-Tuesday-Blitz-February-13-2024"]
[Site "Chess.com"]
[Date "2024.02.13"]
[Round "11"]
[White "N_Mullodzhanov"]
[Black "fmcabralis"]
[Result "0-1"]
[WhiteElo "2465"]
[BlackElo "2266"]
[TimeControl "180+1"]
[EndTime "16:05:48 PST"]
[Termination "fmcabralis won by checkmate"]

1. e4 c5 2. c3 d5 3. exd5 Qxd5 4.
d4 Nf6 5. Nf3 e6 6. Na3 Be7 7.
Bc4 Qd8 8. O-O O-O 9. Nc2 a6 10. dxc5 Bxc5 11. Bg5 Qxd1 12. Raxd1 Ne4 13. Be3 Bxe3 14.
Nxe3 Nc6 15. Bd3 Nc5 16. Bc2 e5 17. Ng5 h6 18. Ne4 Nxe4 19. Bxe4 Be6 20. Bxc6 bxc6 21. c4 Rfd8 22. b3 f5 23. Rfe1 Kf7 24. Nc2 Kf6 25. f3 a5 26. f4 e4 27. Nd4 Rd6 28. Kf2 Rad8 29. Nxe6 Kxe6 30. Rxd6+ Rxd6 31. Ke2 Rd3 32. g3 Kd6 33. Rd1 Rxd1 34. Kxd1 Kc5 35. a3 a4 36. bxa4 Kxc4 37. Kc2 g5 38. h3 Kc5 39. Kc3 Kb6 40.
Kd4 gxf4 41. gxf4 Ka5 42. Ke5 e3 43. Kxf5 e2 44. Kg6 e1=Q 45. f5 Qg3+ 46. Kxh6 Qxh3+ 47. Kg5 Qg3+ 48. Kf6 Qd6+ 49. Kg7 Qe7+ 50. Kg6 Qf8 51. f6 Kxa4 52. Kf5 Kxa3 53. Ke6 Kb4 54. f7 Kb5 55. Kf6 c5 56. Ke6 c4 57. Kf6 c3 58. Ke6 c2 59.
Kf6 c1=Q 60. Ke6 Qe3+ 61. Kd7 Qd4+ 62. Ke6 Qdd6+ 63. Kf5 Qxf7+ 64. Kg4 Qdg6+ 65. Kh3 Qfh7# 0-1

[Event "Late-Titled-Tuesday-Blitz-February-13-2024"]
[Site "Chess.com"]
[Date "2024.02.13"]
[Round "11"]
[White "viniciusrego"]
[Black "andrzej"]
[Result "1-0"]
[WhiteElo "2395"]
[BlackElo "2487"]
[TimeControl "180+1"]
[EndTime "16:05:50 PST"]
[Termination "viniciusrego won by checkmate"]

1. e4 e5 2. Nf3 Nf6 3. d3 Nc6 4. Be2 d5 5. Nbd2 Bc5 6. c3 a5 7.
b3 O-O 8. O-O b6 9. a3 Ba6 10. Rb1 dxe4 11. dxe4 Bxe2 12. Qxe2 Re8 13. b4 axb4 14. axb4 Bf8 15. Nc4 b5 16. Nb2 Ra2 17. Bg5 Be7 18. Bxf6 Bxf6 19. Qxb5 Qa8 20. Nc4 Rb8 21. Qd5 Rd8 22. Qb5 Rb8 23. Qc5 Be7 24. Qe3 f6 25. Nh4 Bf8 26. Nf5 Nd8 27. Qh3 Qxe4 28. Nce3 g6 29. Ng3 Qc6 30. c4 Qe6 31.
Qh4 f5 32. Nd5 Kg7 33. b5 Nf7 34. Nxc7 Qd7 35. Nd5 Rc2 36. Qf6+ Kg8 37. Qxg6+ hxg6 38. Nf6+ Kg7 39. Nxd7 Rd8 40. Nb6 Bc5 41. Nd5 Rxc4 42. Nc7 Bxf2+ 43. Kxf2 Rxc7 44. b6 Rb7 45. Rb5 Rdb8 46.
Rfb1 Nd6 47. R5b4 e4 48. Ke3 Nc8 49. Rc1 Nxb6 50. Kd4 Nd7 51. Rxb7 Rxb7 52. Ne2 Nf6 53. Nf4 Rd7+ 54. Ke5 Re7+ 55. Ne6+ Kf7 56. Rc6 Ng4+ 57. Kd5 Rd7+ 58. Kc5 e3 59. Ng5+ Kg7 60. h3 e2 61.
Re6 Rc7+ 62. Kd6 Rc2 63. hxg4 fxg4 64. Kd5 Kh6 65. Nf7+ Kg7 66. Nd6 g3 67. Kd4 Rd2+ 68. Kc5 Kh6 69. Re3 Kh5 70. Ne4 Rc2+ 71. Kd4 Kh4 72.
Kd3 Ra2 73. Rxe2 Ra3+ 74. Nc3 g5 75. Re4+ g4 76. Re2 Ra1 77. Ne4 Rg1 78. Ke3 Ra1 79.
Kf4 Ra3 80. Re1 Ra4 81. Rh1# 1-0

[Event "Late-Titled-Tuesday-Blitz-February-13-2024"]
[Site "Chess.com"]
[Date "2024.02.13"]
[Round "11"]
[White "Walter_White_Poland"]
[Black "martinmena"]
[Result "1-0"]
[WhiteElo "2438"]
[BlackElo "2182"]
[TimeControl "180+1"]
[EndTime "16:05:51 PST"]
[Termination "Walter_White_Poland won on time"]

1. d4 d5 2. Bf4 Nf6 3. e3 e6 4. Nf3 Bd6 5. Bg3 O-O 6. Nbd2 b6 7. Ne5 c5 8. c3 Ba6 9. Bxa6 Nxa6 10. Qe2 c4 11. e4 b5 12. a3 Nc7 13. O-O Bxe5 14. Bxe5 Nxe4 15. Nxe4 dxe4 16. Bxc7 Qxc7 17. Qxe4 Rfd8 18.
f4 g6 19. g4 Re8 20. Rae1 Rad8 21. h4 Qe7 22. g5 Qd6 23. h5 Qd5 24. h6 Qxe4 25. Rxe4 Rd5 26. Rfe1 Red8 27. Kg2 a5 28. Re5 Kf8 29. Kf3 Ke7 30. Rxd5 Rxd5 31. Re5 Kd6 32.
Re1 a4 33. Ke4 Kd7 34. Kf3 Kd6 35. Re5 Kd7 36. Ke3 Kd6 37. Ke4 Rxe5+ 38. fxe5+ Kc6 39. d5+ exd5+ 40. Kd4 Kc7 41. Kxd5 Kd7 42. Kc5 Ke6 43. Kxb5 Kxe5 44. Kxc4 f5 45. gxf6 Kxf6 46. b4 g5 47. Kd3 g4 48. Ke3 Ke5 49. c4 1-0

[Event "Late-Titled-Tuesday-Blitz-February-13-2024"]
[Site "Chess.com"]
[Date "2024.02.13"]
[Round "11"]
[White "alexrustemov"]
[Black "AryanTari"]
[Result "1-0"]
[WhiteElo "2847"]
[BlackElo "2934"]
[TimeControl "180+1"]
[EndTime "16:05:52 PST"]
[Termination "alexrustemov won on time"]

1. d4 d5 2. Nf3 Nf6 3. e3 e6 4. c4 Be7 5. a3 O-O 6. Nbd2 b6 7. b4 a5 8. b5 c6 9. bxc6 Nxc6 10. Bb2 Ba6 11.
Rc1 Qd7 12. Bd3 dxc4 13. Nxc4 Qb7 14. O-O b5 15. Nce5 Nxe5 16. Nxe5 b4 17. axb4 Bxb4 18. Qe2 a4 19. Ra1 Bxd3 20. Nxd3 a3 21. Bc1 Qa6 22. Bd2 Be7 23. Ra2 Rfb8 24. Rfa1 Ne4 25. Be1 Rb3 26.
Nc1 Qxe2 27. Nxe2 Rc8 28. f3 Nf6 29. e4 Nd7 30. Bd2 Nb6 31. Bc1 Nc4 32. Rc2 f6 33. Kf2 Kf7 34. Raa2 Ke8 35. Rc3 Rxc3 36. Nxc3 Rb8 37.
Ke2 Kd7 38. Kd3 Rc8 39. Nb5 h5 40. Rc2 Ra8 41. Ra2 Ra4 42. Nc3 Rb4 43. Bxa3 Nxa3 44.
Rxa3 Rxd4+ 45. Kxd4 Bxa3 46. h3 Bb2 47. Kd3 Kd6 48. Ne2 Ke5 49. f4+ Kd6 50. Ng3 Bc1 51.
Nxh5 Ke7 52. f5 1-0

[Event "Late-Titled-Tuesday-Blitz-February-13-2024"]
[Site "Chess.com"]
[Date "2024.02.13"]
[Round "11"]
[White "KNVB"]
[Black "HaryKane"]
[Result "1-0"]
[WhiteElo "2834"]
[BlackElo "2599"]
[TimeControl "180+1"]
[EndTime "16:05:52 PST"]
[Termination "KNVB won by resignation"]

1. d4 d5 2. Bf4 e6 3. e3 Bd6 4. Nf3 Ne7 5. Nbd2 O-O 6. Bd3 Bxf4 7. exf4 Nd7 8. O-O c5 9. c3 cxd4 10. Nxd4 Nc6 11. N2f3 Qc7 12. g3 Nb6 13. Bxh7+ Kxh7 14. Ng5+ Kg8 15. Qh5 Re8 16. Qh7+ Kf8 17. Qh8+ Ke7 18. Qxg7 Rf8 19. Rae1 Nxd4 20. cxd4 Bd7 21. f5 Kd6 22. fxe6 Bxe6 23. Nxe6 fxe6 24. Rxe6+ Kxe6 25. Qxc7 Rf7 26. Re1+ Kf6 27. Qe5+ Kg6 28. Qe6+ Rf6 29. Qg4+ Kf7 30.
Re5 Rg8 31. Qh5+ Rgg6 32. f4 Nd7 33. Rf5 Kg7 34. Rxf6 Nxf6 35. Qe5 Kf7 36. Kg2 Rh6 37. Qc7+ Kg6 38. Qxb7 Ng4 39. h3 Ne3+ 40. Kf3 Nf5 41. Qxd5 Rh5 42. Qe6+ Kh7 43. Qf7+ Ng7 44. h4 Rb5 45. b3 Rf5 46. Qc4 Ra5 47. a4 Nf5 48. Qd3 Kg7 49. b4 Rd5 50. Ke4 Ne7 51. Qc4 Rd6 52. d5 Kf6 53. g4 Rd7 54. Qd4+ Kf7 55.
Qe5 Nc8 56. Qe6+ Kf8 57. Qxd7 1-0

[Event "Late-Titled-Tuesday-Blitz-February-13-2024"]
[Site "Chess.com"]
[Date "2024.02.13"]
[Round "11"]
[White "saikrishnaReturns"]
[Black "rhungaski"]
[Result "1-0"]
[WhiteElo "2784"]
[BlackElo "2571"]
[TimeControl "180+1"]
[EndTime "16:05:54 PST"]
[Termination "saikrishnaReturns won on time"]

1. Nf3 g6 2. g3 Bg7 3. Bg2 d6 4. O-O Nf6 5. d3 O-O 6. e4 c5 7. Nbd2 Nc6 8. Nh4 Nd7 9. f4 b5 10. f5 Bb7 11. g4 Nde5 12. g5 Re8 13.
Ndf3 e6 14. f6 Bf8 15. Qe1 d5 16. Nd2 c4 17. Qg3 cxd3 18. cxd3 dxe4 19. dxe4 Nd3 20.
Nb3 Nxc1 21. Raxc1 e5 22. Nf5 gxf5 23. exf5 Qb6+ 24. Kh1 Kh8 25. g6 Bh6 26. Qh4 Qe3 27.
Bxc6 Bxc6+ 28. Rxc6 Qg5 29. Qxg5 Bxg5 30. Rg1 h6 31.
gxf7 Rf8 32. h4 Bxh4 33. Rg7 e4 34. Nd4 e3 35. Kg2 Rad8 36. Ne2 Bxf6 37. Rg8+ Rxg8+ 38. fxg8=Q+ Rxg8+ 39. Kf3 Bg5 40. Rc5 a6 41. Rc6 Rf8 42.
Kg4 Rf6 43. Rc7 Rd6 44. Kh5 Kg8 45. Ng3 Kf8 46. Kg4 Rd2 47. Rc6 Rxb2 48. Rxa6 Rf2 49. Kh5 Rf3 50. Kg4 Rf4+ 51. Kh5 Ke8 52. Re6+ Kd7 53.
Ne4 Kc7 54. Nxg5 1-0

[Event "Late-Titled-Tuesday-Blitz-February-13-2024"]
[Site "Chess.com"]
[Date "2024.02.13"]
[Round "11"]
[White "Konavets"]
[Black "HansOnTwitch"]
[Result "1/2-1/2"]
[WhiteElo "3031"]
[BlackElo "3149"]
[TimeControl "180+1"]
[EndTime "16:05:56 PST"]
[Termination "Game drawn - insufficient material"]

1. e4 c5 2. Nf3 d6 3. d4 cxd4 4. Nxd4 Nf6 5. Bd3 Nc6 6. Be3 g6 7.
h3 Bg7 8. c4 Ng4 9. hxg4 Bxd4 10.
Bxd4 Nxd4 11. Nc3 e5 12. Rc1 Be6 13. Qd2 Rc8 14. b3 a6 15. g5 f6 16. gxf6 Qxf6 17. Ne2 Nc6 18. Qh6 Rc7 19. Rd1 Qg7 20. Qg5 h6 21. Qe3 h5 22. c5 Rd7 23. cxd6 Rxd6 24. O-O Qe7 25. f4 Bg4 26. f5 Nd4 27.
Nxd4 exd4 28. Qf4 Bxd1 29. f6 Rxf6 30. Qxf6 Qxf6 31. Rxf6 Rg8 32. e5 g5 33. Rd6 Ke7 34.
Bf5 Rd8 35. Rb6 Rd5 36. Rxb7+ Kd8 37. Be6 Rxe5 38. Rd7+ Ke8 39. Rxd4 Be2 40. Bc4 Bxc4 41. Rxc4 h4 42. Kf2 Kf7 43. Rc6 a5 44. Rc4 Kg6 45.
a4 Kh5 46. b4 axb4 47. Rxb4 Rc5 48. Rb2 Rf5+ 49. Kg1 Ra5 50. Rb4 Rc5 51. Rb1 Ra5 52. Rb4 Ra6 53. g3 hxg3 54. Kg2 Rd6 55. Rb2 Ra6 56. Ra2 Kh4 57. a5 Kg4 58. Ra4+ Kf5 59. Kxg3 Ke5 60. Kg4 Kd5 61. Kxg5 Kc5 62. Rf4 Rxa5 63.
Rf5+ Kb4 64. Rxa5 Kxa5 1/2-1/2

[Event "Late-Titled-Tuesday-Blitz-February-13-2024"]
[Site "Chess.com"]
[Date "2024.02.13"]
[Round "11"]
[White "Nemsko"]
[Black "karinachess1"]
[Result "0-1"]
[WhiteElo "2419"]
[BlackElo "2678"]
[TimeControl "180+1"]
[EndTime "16:05:57 PST"]
[Termination "karinachess1 won on time"]

1. e4 e5 2. Nf3 Nc6 3. Bb5 Nge7 4. O-O Ng6 5. c3 a6 6. Ba4 b5 7. Bc2 Be7 8. a3 O-O 9. d4 d6 10. Be3 Bb7 11. Nbd2 Bf6 12. d5 Nce7 13. b3 c6 14. c4 Qd7 15. Bd3 Nf4 16. Be2 Qg4 17. g3 Neg6 18. Kh1 Nxe2 19. Qxe2 bxc4 20. bxc4 cxd5 21. cxd5 a5 22. Ng1 Qxe2 23. Nxe2 Ba6 24. Rfe1 Rfc8 25. Rac1 Bd8 26. Rxc8 Rxc8 27. Rc1 Rxc1+ 28. Nxc1 a4 29.
f4 Ba5 30. Na2 Bd3 31. Kg1 exf4 32. gxf4 Bxd2 33. Bxd2 Bxe4 34. Nc3 Bc2 35. Nb5 Ne7 36. Nxd6 Nxd5 37. Nb5 f6 38. Kf2 Kf7 39. Kf3 Nb6 40.
Bb4 Bb3 41. Nd6+ Ke6 42. Ne8 Kf7 43. Nd6+ Kg8 44. Nb7 Nd5 45. Bd2 Kf7 46. Nc5 Bc2 47. Nb7 Ne7 48. Nd6+ Ke6 49. Nc4 Nc6 50. Ke3 Bb3 51. Na5 Ne7 52. Nxb3 axb3 53. Kd3 Nd5 54. Bc1 f5 0-1

[Event "Late-Titled-Tuesday-Blitz-February-13-2024"]
[Site "Chess.com"]
[Date "2024.02.13"]
[Round "11"]
[White "Msb2"]
[Black "Grischuk"]
[Result "0-1"]
[WhiteElo "3015"]
[BlackElo "3105"]
[TimeControl "180+1"]
[EndTime "16:05:58 PST"]
[Termination "Grischuk won by checkmate"]

1. d4 d5 2. c4 c6 3. Nf3 Nf6 4. Nc3 dxc4 5. e4 b5 6. Qc2 e6 7. Be2 a5 8. O-O a4 9. Bg5 h6 10. Bxf6 Qxf6 11. d5 Bd7 12. e5 Qf5 13. Qxf5 exf5 14.
Nd4 Bc5 15. dxc6 Bxd4 16. cxd7+ Nxd7 17. Nxb5 Bxb2 18. Rad1 Ke7 19. Bxc4 Nxe5 20. Rfe1 g5 21. Re2 a3 22. Bb3 Ra5 23. Nc7 Rc8 24. Nd5+ Kf8 25. g3 Rcc5 26. f4 gxf4 27. gxf4 Ng6 28. Red2 Rab5 29.
Rd3 Rb7 30. Kf1 Kg7 31. Rf3 Rcb5 32. Rfd3 Rxb3 33. axb3 a2 34. Ne3 a1=Q 35. Nxf5+ Kh7 36. Rxa1 Bxa1 37. Nd6 Rd7 38. Rd1 Nxf4 39. b4 Be5 40.
Rd4 Bxd4 41. Ne4 Be5 42. Nf6+ Bxf6 43. Kf2 Rb7 44. Kf3 Rb5 45. Ke4 Rxb4+ 46. Kf5 Rb6 47. h4 Ng6 48. h5 Ne7+ 49. Kg4 Kg7 50. Kf3 Bg5 51. Kg2 f5 52. Kf1 Kf6 53. Kg2 Ke6 54. Kh1 Ke5 55. Kg2 Nd5 56. Kg1 Nf6 57. Kh2 Nxh5 58.
Kh1 Nf6 59. Kh2 h5 60. Kh3 Rb4 61. Kg2 Rb3 62. Kf1 h4 63. Ke2 h3 64. Kd1 Rb2 65. Ke1 h2 66. Kf1 h1=Q# 0-1

[Event "Late-Titled-Tuesday-Blitz-February-13-2024"]
[Site "Chess.com"]
[Date "2024.02.13"]
[Round "11"]
[White "amiqu"]
[Black "YellowJacek"]
[Result "1-0"]
[WhiteElo "2169"]
[BlackElo "2345"]
[TimeControl "180+1"]
[EndTime "16:05:59 PST"]
[Termination "amiqu won by checkmate"]

1. d4 Nf6 2. Nf3 g6 3. e3 Bg7 4. Bd3 d6 5. O-O O-O 6. b3 Nbd7 7. Bb2 Re8 8. Nbd2 e5 9. dxe5 dxe5 10. e4 Nh5 11. Re1 Nf4 12. Bf1 Nc5 13. Nc4 f6 14. Ba3 Nce6 15. g3 Nh5 16. c3 h6 17. Ne3 Ng5 18.
Nh4 Kh7 19. Bg2 Qxd1 20. Raxd1 Bg4 21. Nxg4 Rad8 22. Ne3 Ne6 23. Bf3 c6 24. Bxh5 gxh5 25. Nhf5 Ng5 26. Rxd8 Rxd8 27. Rd1 Rxd1+ 28. Nxd1 Nxe4 29.
Nxg7 Kxg7 30. Kf1 b6 31. Ke2 Kf7 32. Ke3 Ng5 33. h4 Ne6 34. Ke4 Ng7 35. Ne3 Ke6 36. Bf8 f5+ 37. Kf3 Ne8 38. Bxh6 Nf6 39. Bg5 Nd7 40. c4 Nc5 41. Ke2 Ne4 42. Nc2 Nc3+ 43.
Kd2 Ne4+ 44. Ke3 Nc3 45. f4 exf4+ 46. Kxf4 Nxa2 47. Nd4+ Kd7 48. Nxf5 Nc1 49. Nd4 c5 50. Ke4 cxd4 51. Bxc1 d3 52. Kxd3 Ke6 53. Ke4 a6 54.
b4 a5 55. bxa5 bxa5 56. Ba3 a4 57. c5 Kd7 58. Kf4 Kc6 59. Kg5 Kd5 60. Kxh5 Kc4 61.
Kg6 Kb3 62. Bc1 Kc2 63. Bg5 a3 64. Bf6 Kb3 65. h5 Kc4 66. h6 Kxc5 67. h7 Kd5 68. h8=Q Ke4 69. Qa8+ Ke3 70. Qxa3+ Kf2 71. Bh8 Kg2 72.
g4 Kf2 73. g5 Kg2 74. Kh7 Kf2 75. g6 Ke2 76. g7 Kd2 77. g8=Q Ke2 78. Qgb3 Kf2 79. Qaa2+ Ke1 80. Qbb1# 1-0